 Dungeon Sprint DCSS version 0.27-a0-412-g8dd771eca2 (webtiles) character file.

Game seed: 12199744997302488688

1220 Gaff the Spear-Bearer (level 8, -3/85 HPs)
             Began as a Minotaur Berserker on Feb 24, 2021.
             Was a Priest of Trog.
             Slain by a demonic crawler (6 damage)
             ... in the Dungeon (Sprint I: "Red Sonja").
             The game lasted 00:03:04 (846 turns).

Gaff the Spear-Bearer (Minotaur Berserker)           Turns: 846, Time: 00:03:05

Health: -3/85      AC: 11    Str: 23    XL:     8   Next: 23%
Magic:  7/7        EV: 11    Int:  4    God:    Trog [***...]
Gold:   405        SH:  0    Dex: 11    Spells: 7/7 levels left

rFire    . . .     SeeInvis .   k - +0 scythe
rCold    . . .     Faith    .   (shield currently unavailable)
rNeg     . . .     Spirit   .   j - +0 chain mail
rPois    .         Reflect  .   (helmet restricted)
rElec    .         Harm     .   (no cloak)
rCorr    .         Rampage  .   (no gloves)
Will     ++...     NoTele   +   (no boots)
Stlth    ..........             (no amulet)
HPRegen  1.24/turn              (no ring)
MPRegen  0.10/turn              (no ring)

@: berserk cooldown, regenerating, slowed, very slow
A: retaliatory headbutt, horns 2
a: Renounce Religion, Berserk, Trog's Hand


You were in the Dungeon.
You worshipped Trog.
Trog was most pleased with you.
You visited 1 branch You collected 405 gold pieces.

Inventory:

Hand Weapons
 a - a +0 spear
 k - a +0 scythe (weapon)
 m - a +1 dagger of venom
Missiles
 l - 25 arrows
Armour
 b - a +0 animal skin
 j - a +0 chain mail (worn)
Scrolls
 h - a scroll of blinking
Potions
 c - 2 potions of curing
 d - a potion of heal wounds
 e - a potion of haste
 f - 2 potions of magic
 g - 2 potions of berserk rage
 i - a potion of mutation {unknown}


   Skills:
 + Level 12.5 Fighting
 + Level 13.4 Polearms
 + Level 10.2 Armour
 + Level 6.4 Dodging


You had 7 spell levels left.
You didn't know any spells.
Your spell library was empty.

Dungeon Overview and Level Annotations

Branches:
Dungeon (1/1)

Altars:
Cheibriados
Dithmenos
Elyvilon
Fedhas
Gozag
Hepliaklqana
Kikubaaqudgha
Makhleb
Nemelex Xobeh
Okawaru
Qazlal
Ru
Sif Muna
Trog
Uskayaw
Vehumet
Wu Jian
Xom
Yredelemnul
Zin
The Shining One
Jiyva
Lugonu

Shops:
D !


Innate Abilities, Weirdness & Mutations

You reflexively headbutt those who attack you in melee.
You have a pair of horns on your head.


Message History

The demonic crawler completely misses you.
The demonic crawler misses you. The demonic crawler hits you! x2
The demonic crawler closely misses you. The demonic crawler barely misses you.
The demonic crawler hits you. x2
The demonic crawler hits you but does no damage.
The demonic crawler hits you. x2
The demonic crawler hits you but does no damage. x7
The demonic crawler hits you. The demonic crawler barely misses you.
Things that are here:
a +0 robe; a kobold skeleton The demonic crawler hits you but does no damage. x2
The demonic crawler closely misses you. The demonic crawler hits you.
The demonic crawler barely misses you. The demonic crawler hits you!
* * * LOW HITPOINT WARNING * * *
There is an open door, spattered with blood here.
Things that are here:
a +0 dagger; a +0 robe; a kobold corpse The demonic crawler hits you but does no damage.
The demonic crawler barely misses you.
The demonic crawler hits you but does no damage.
You barely miss the demonic crawler. You headbutt the demonic crawler.
The demonic crawler is lightly wounded.
The demonic crawler closely misses you. x2; The demonic crawler misses you.
The demonic crawler closely misses you. You furiously retaliate!
You headbutt the demonic crawler! The demonic crawler hits you!
* * * LOW HITPOINT WARNING * * *
The demonic crawler hits you.
* * * LOW HITPOINT WARNING * * *
The demonic crawler hits you but does no damage.
The demonic crawler closely misses you. The demonic crawler hits you.
* * * LOW HITPOINT WARNING * * *
The demonic crawler hits you but does no damage.
The demonic crawler hits you.
* * * LOW HITPOINT WARNING * * *
The demonic crawler hits you.
* * * LOW HITPOINT WARNING * * *
Your skin crawls.
You feel strong-willed. The demonic crawler hits you.
You die...

######################
..'..#.['..#__#.@ss..#
).#..'..#..'..'.s#s..##+#
####'#####'#__####...'..#
###..#...#.#### #####..+
__####..##.# +##
_____##'#_.+ _.∩...'..._#
_..__##_.#'# _____###+#.#


You could see 4 demonic crawlers.

Vanquished Creatures
  2 kobold demonologists (D)
  A slime creature (D)
  Sigmund (D)
  A yak (D)
  A floating eye (D)
  An ogre (D)
  A jelly (D)
  Ijyb (D)
9 creatures vanquished.

Notes
Turn   | Place    | Note
-------+----------+-------------------------------------------
     0 | D        | Gaff the Minotaur Berserker began the quest for the Orb.
     0 | D        | Reached XP level 1. HP: 19/19 MP: 0/0
     1 | D        | Noticed Ijyb
     8 | D        | Killed Ijyb
     9 | D        | Reached skill level 5 in Fighting
     9 | D        | Reached skill level 5 in Polearms
     9 | D        | Reached XP level 2. HP: 29/29 MP: 1/1
    78 | D        | Noticed an ogre
    85 | D        | Killed an ogre
    86 | D        | Reached skill level 7 in Polearms
    86 | D        | Reached XP level 3. HP: 40/40 MP: 2/2
    86 | D        | Reached XP level 4. HP: 48/48 MP: 3/3
   178 | D        | Noticed Sigmund
   197 | D        | Killed Sigmund
   197 | D        | Reached ** piety under Trog
   198 | D        | Reached skill level 9 in Polearms
   198 | D        | Reached skill level 5 in Dodging
   198 | D        | Reached XP level 5. HP: 31/58 MP: 4/4
   198 | D        | Reached XP level 6. HP: 36/66 MP: 5/5
   344 | D        | Found an ornate altar of the Wu Jian Council.
   344 | D        | Found a shimmering blue altar of Sif Muna.
   346 | D        | Found a radiant altar of Vehumet.
   351 | D        | Reached skill level 10 in Polearms
   360 | D        | Found Rozyssuqo's Distillery.
   360 | D        | Found an ancient bone altar of Kikubaaqudgha.
   360 | D        | Found a hazy altar of Hepliaklqana.
   360 | D        | Found a stormy altar of Qazlal.
   360 | D        | Found a hide-covered altar of Uskayaw.
   360 | D        | Found a blossoming altar of Fedhas.
   360 | D        | Found a bloodstained altar of Trog.
   360 | D        | Found an iron altar of Okawaru.
   360 | D        | Found a basalt altar of Yredelemnul.
   360 | D        | Found a glowing golden altar of the Shining One.
   360 | D        | Found a snail-covered altar of Cheibriados.
   360 | D        | Found a sacrificial altar of Ru.
   360 | D        | Found a glowing silver altar of Zin.
   360 | D        | Found a shadowy altar of Dithmenos.
   360 | D        | Found a white marble altar of Elyvilon.
   360 | D        | Noticed a yak
   364 | D        | Killed a yak
   365 | D        | Reached skill level 10 in Fighting
   365 | D        | Reached skill level 11 in Polearms
   365 | D        | Found an opulent altar of Gozag.
   366 | D        | Found a sparkling altar of Nemelex Xobeh.
   466 | D        | Found a viscous altar of Jiyva.
   466 | D        | Found a corrupted altar of Lugonu.
   466 | D        | Noticed a slime creature
   467 | D        | Found a burning altar of Makhleb.
   467 | D        | Found a shimmering altar of Xom.
   472 | D        | Killed a slime creature
   472 | D        | Reached *** piety under Trog
   473 | D        | Reached XP level 7. HP: 66/74 MP: 6/6
   609 | D        | Noticed a kobold demonologist
   611 | D        | Noticed a kobold demonologist
   615 | D        | Noticed a ynoxinul
   615 | D        | Killed a kobold demonologist
   615 | D        | Paralysed by a floating eye for 4 turns
   616 | D        | Reached skill level 12 in Polearms
   620 | D        | Noticed a hellwing
   624 | D        | Noticed a neqoxec
   629 | D        | Noticed a soul eater
   632 | D        | Noticed a neqoxec
   634 | D        | Killed a kobold demonologist
   635 | D        | Reached skill level 13 in Polearms
   635 | D        | Reached skill level 10 in Armour
   635 | D        | Reached XP level 8. HP: 37/85 MP: 7/7
   836 | D        | Noticed a demonic crawler
   836 | D        | Noticed a demonic crawler
   836 | D        | Noticed a demonic crawler
   836 | D        | Noticed a demonic crawler
   845 | D        | HP: 2/85 [demonic crawler (5)]
   846 | D        | Slain by a demonic crawler

Illustrated notes

Levels and vault maps discovered:
D:        dungeon_sprint_1 [red_sonja_temple_1, red_sonja_temple_small_1]

Skill      XL: |  1  2  3  4  5  6  7 |
---------------+----------------------+-----
Fighting       | 5 7 9 11 12 | 12.5
Polearms       | 5 7 9 11 13 | 13.4
Armour         | 3 4 6 8 10 | 10.2
Dodging        | 3 5 6 |  6.4

Action                   |  1- 3 |  4- 6 |  7- 9 || total
-------------------------+-------+-------+-------++-------
Melee: Spear             |     9 |    11 |       ||    20
       Headbutt          |     2 |     4 |     4 ||    10
       Scythe            |       |    10 |    19 ||    29
Invok: Berserk           |     2 |     3 |     2 ||     7
       Trog's Hand       |       |       |     2 ||     2
Armor: Chain mail        |       |     7 |    33 ||    40
Dodge: Dodged            |     2 |     2 |    37 ||    41

Table legend: (Time is in decaauts)
 A = Elapsed time spent in this place.
 B = Non-inter-level travel time spent in this place.
 C = Inter-level travel time spent in this place.
 D = Time resting spent in this place.
 E = Time spent auto-exploring this place.
 F = Levels seen in this place.
 G = Mean time per level.
                   A        B        C        D        E       F      G
               +--------+--------+--------+--------+--------+-----+--------+
         Total |    922 |    922 |      0 |    652 |      0 |   1 |  922.0 |
       Dungeon |    922 |    922 |      0 |    652 |      0 |   1 |  922.0 |
               +--------+--------+--------+--------+--------+-----+--------+

Top non-repeatable levels by time:
       D: 922 daAuts
